 Dungeon Crawl Stone Soup version 0.31-a0-1620-gcbf77bbcfc (webtiles) character file.

Game seed: 3737045589032389022

3553 GordonOverkill the Digger (level 9, -5/44 HPs)
             Began as a Spriggan Delver on Jan 11, 2024.
             Was a Believer of Vehumet.
             Slain by a killer bee (9 damage)
             ... on level 6 of the Dungeon.
             The game lasted 00:21:14 (11356 turns).

GordonOverkill the Digger (Spriggan Delver)        Turns: 11356, Time: 00:21:14

Health: -5/44      AC:  2    Str:  8    XL:     9   Next: 83%
Magic:  26/28      EV: 17    Int: 15    God:    Vehumet [**....]
Gold:   367        SH:  5    Dex: 17    Spells: 16/20 levels left

rFire   . . .        D - +4 dagger (venom)
rCold   . . .        (no shield)
rNeg    + . .        a - +0 robe {rN+}
rPois   .            (helmet restricted)
rElec   .            (no cloak)
rCorr   .            (gloves unavailable)
SInv    +            (boots unavailable)
Will    ++...        k - amulet of reflection
Stlth   ++++         i - ring of willpower
HPRegen 0.27/turn    s - ring of magical power
MPRegen 0.21/turn

%: reflection
@: lethally poisoned (-5 -> -12), very quick
A: very small, no large weapons, unfitting armour, see invisible, speed 3
a: Renounce Religion


You were on level 6 of the Dungeon.
You worshipped Vehumet.
Vehumet was pleased with you.
You visited 1 branch of the dungeon, and saw 7 of its levels.

You collected 367 gold pieces.

Inventory:

Hand Weapons
 x - a +4 whip of electrocution
 D - a +4 dagger of venom (weapon)
Armour
 a - a +0 robe of positive energy (worn)
Jewellery
 h - the amulet "Xasebuh" {Spirit *Corrode Int+2 Dex+5 SInv}
   (You found it on level 4 of the Dungeon)

   [amulet of guardian spirit]

   Spirit:    It causes incoming damage to be divided between your reserves of
   health and magic.
   Int+2:     It affects your intelligence (+2).
   Dex+5:     It affects your dexterity (+5).
   SInv:      It lets you see invisible.
   *Corrode:  It may corrode you when you take damage.
 i - a ring of willpower (left hand)
 k - an amulet of reflection (around neck)
 s - a ring of magical power (right hand)
Wands
 e - a wand of roots (15)
 g - a wand of digging (8)
 y - a wand of light (5)
 B - a wand of charming (8)
Scrolls
 c - a scroll of fog
 d - a scroll of revelation
 r - 2 scrolls of vulnerability
 v - 2 scrolls of immolation
 w - 2 scrolls of teleportation
Potions
 f - a potion of haste
 j - a potion of attraction
 l - a potion of brilliance
 m - 2 potions of heal wounds
 n - a potion of cancellation
 o - a potion of curing
 p - a potion of magic {unknown}
 q - a potion of mutation {unknown}
 t - a potion of might {unknown}
 z - a potion of enlightenment
 C - 2 potions of degeneration {unknown}


   Skills:
 - Level 3.0 Fighting
 - Level 3.0 Short Blades
 - Level 1.0 Maces & Flails
 - Level 2.6 Dodging
 - Level 7.2 Stealth
 - Level 6.0 Spellcasting
 - Level 7.0 Conjurations
 + Level 7.5 Earth Magic
 - Level 1.0 Alchemy
 - Level 3.0 Evocations


You had 16 spell levels left.
You knew the following spells:

 Your Spells              Type           Power      Damage    Failure   Level
a - Sting                 Conj/Alch      64%        1d7       2%          1
b - Stone Arrow           Conj/Erth      52%        3d10      2%          3

Your spell library contained the following spells:

 Spells                   Type           Power      Damage    Failure   Level
 Searing Ray              Conj           50%        2d6       1%          2
 Passwall                 Erth           27%        N/A       1%          3
 Dazzling Flash           Conj/Hex       30%        N/A       11%         3
 Summon Small Mammal      Summ           16%        N/A       14%         1
 Mephitic Cloud           Conj/Alch/Air  12%        N/A       16%         3
 Mercury Vapours          Alch/Air       12%        N/A       19%         2
 Ensorcelled Hibernation  Hex/Ice        8%         N/A       22%         2
 Animate Armour           Summ/Erth      30%        N/A       30%         4
 Swiftness                Air            4%         N/A       41%         3
 Olgreb's Toxic Radiance  Alch           7%         N/A       67%         4
 Summon Blazeheart Golem  Fire/Summ      4%         N/A       82%         4
 Curse of Agony           Necr           4%         N/A       99%         5
 Silence                  Hex/Air        2%         N/A       99%         5
 Orb of Destruction       Conj           12%        9d7       100%        7
 Spellforged Servitor     Conj/Summ      7%         N/A       100%        7
 Lehudib's Crystal Spear  Conj/Erth      13%        10d4      100%        8


Dungeon Overview and Level Annotations

Branches:
Dungeon (7/15)             Temple (0/1) D:7

Altars:
Cheibriados
Fedhas
Sif Muna
Trog
Vehumet
Xom


Innate Abilities, Weirdness & Mutations

You are very small and have problems with some larger weapons.
You are too small for most types of armour.
You have supernaturally acute eyesight. (SInv)
You cover ground extremely quickly. (Speed+++)


Message History

You are poisoned.
The killer bee poisons you!
You miss the killer bee.
The killer bee is heavily wounded.
You feel sick. The killer bee stings you!
* * * LOW HITPOINT WARNING * * *
The killer bee barely misses you.
You hit the killer bee.
The killer bee is poisoned.
The killer bee is almost dead.
The killer bee stings you.
* * * LOW HITPOINT WARNING * * *
The killer bee barely misses you.
You hit the killer bee.
You kill the killer bee!
Vehumet accepts your kill.
You feel your power returning.
You feel sick.
You miss the killer bee.
You feel sick. The killer bee barely misses you. x2
You barely miss the killer bee.
You feel sick. You block the killer bee's attack.
The killer bee closely misses you.
You miss the killer bee.
You feel sick.
You are no longer poisoned.
The killer bee stings you but does no damage.
You hit the killer bee.
The killer bee is lightly wounded.
The killer bee completely misses you. The killer bee barely misses you.
You miss the killer bee.
The killer bee is lightly wounded.
The killer bee stings you but does no damage. x2
You closely miss the killer bee. The killer bee closely misses you.
You block the killer bee's attack.
You hit the killer bee but do no damage.
The killer bee is poisoned.
The killer bee stings you!
* * * LOW HITPOINT WARNING * * *
You are lethally poisoned!
The killer bee poisons you!
You hit the killer bee.
The killer bee is lightly wounded.
* * * LOW HITPOINT WARNING * * *
You feel sick. The killer bee stings you!
You die...

####...##.#######.#..####........
'................###....'........
####...##.#####.## ##.###........
# ##.........##.###.## ##.......
###.#######.###.#.## ##.....#
#...# #.# ##.## #....## #.#.#
#.####.# #.#'### #.#.# #.##...#
####.#.# # #.#.# #.##@#.#
#....#(# # #.#.# #.##y###
#.####.### #.#.#######.#♣.♣##
##♣.♣##...##
###...........##†..###...##.....#
........#########..y))..####...##
######### ##..>[.### ##.###
##♣)♣##.####.### ### #.........
######.###


You could see a killer bee (very poisoned).

Vanquished Creatures
  Sigmund (D:2)
  A yak (D:4)
  Edmund (D:4)
  A water moccasin (D:6)
  Duvessa (D:4)
  A black bear (D:3)
  2 ice beasts
  An orc warrior (D:6)
  An ogre (D:6)
  A centaur (D:5)
  2 phantoms (D:4)
  5 scorpions
  9 wights
  Dowan (D:4)
  9 killer bees
  2 bombardier beetles
  6 hounds
  A jelly (D:7)
  5 orc priests
  A sleepcap (D:6)
  7 iguanas
  Ijyb (D:3)
  6 orc wizards
  5 gnolls
  8 adders
  A white imp (D:4)
  2 ufetubi
  4 ribbon worms
  2 dart slugs
  13 orcs
  6 endoplasms
  A giant cockroach (D:2)
  7 goblins
  5 hobgoblins
  A jackal (D:5)
  4 quokkas
  6 ball pythons
  5 bats
  3 frilled lizards
  7 kobolds
  5 rats
151 creatures vanquished.

Notes
Turn   | Place    | Note
-------+----------+-------------------------------------------
     0 | D:5      | GordonOverkill the Spriggan Delver began the quest for the
                  | Orb.
     0 | D:5      | Reached XP level 1. HP: 11/11 MP: 2/2
    18 | D:5      | Noticed a hound
    22 | D:5      | Killed a hound
    23 | D:5      | Reached skill level 1 in Evocations
    23 | D:5      | Reached XP level 2. HP: 16/16 MP: 3/3
    23 | D:5      | Reached XP level 3. HP: 20/20 MP: 4/4
    32 | D:5      | Noticed a scorpion
    37 | D:5      | Noticed a scorpion
    55 | D:5      | Noticed a scorpion
   104 | D:4      | Identified the amulet "Xasebuh" {Spirit *Corrode Int+2
                  | Dex+5 SInv}
   293 | D:4      | Reached XP level 4. HP: 24/24 MP: 5/8
   421 | D:4      | Noticed Dowan
   422 | D:4      | Found a shimmering blue altar of Sif Muna.
   429 | D:4      | Got Sif Muna's Spellbook of United Hermetica
   458 | D:4      | Noticed a phantom
   481 | D:3      | Learned a level 1 spell: Sting
   592 | D:3      | Found a blossoming altar of Fedhas.
   783 | D:3      | Found a faded altar of an unknown god.
   788 | D:3      | Found a shimmering altar of Xom.
  1070 | D:3      | Reached skill level 1 in Alchemy
  1261 | D:3      | Noticed Ijyb
  1447 | D:3      | Noticed a black bear
  1491 | D:3      | Killed a black bear
  1492 | D:3      | Reached skill level 1 in Conjurations
  1492 | D:3      | Reached XP level 5. HP: 28/28 MP: 4/9
  2262 | D:2      | Noticed Sigmund
  2283 | D:2      | Killed Sigmund
  2284 | D:2      | Reached XP level 6. HP: 32/32 MP: 4/10
  3713 | D:4      | Learned a level 3 spell: Stone Arrow
  3902 | D:4      | Noticed Edmund
  4081 | D:3      | Killed Ijyb
  4082 | D:3      | Reached skill level 1 in Earth Magic
  4544 | D:3      | Found a blossoming altar of Fedhas.
  4796 | D:3      | Found a faded altar of an unknown god.
  4801 | D:3      | Found a shimmering altar of Xom.
  5099 | D:4      | Noticed Duvessa
  5349 | D:3      | Reached XP level 7. HP: 19/36 MP: 4/11
  5482 | D:4      | Found a radiant altar of Vehumet.
  5482 | D:4      | Found a snail-covered altar of Cheibriados.
  5520 | D:4      | Became a worshipper of Vehumet
  5648 | D:4      | Killed Edmund
  5837 | D:4      | Killed Duvessa
  5838 | D:4      | Reached skill level 1 in Maces & Flails
  5921 | D:4      | Killed Dowan
  6036 | D:4      | Found a bloodstained altar of Trog.
  6103 | D:4      | Reached XP level 8. HP: 30/40 MP: 12/12
  6449 | D:3      | Reached skill level 5 in Conjurations
  7681 | D:5      | Reached skill level 5 in Earth Magic
  7874 | D:5      | Found a snail-covered altar of Cheibriados.
  7969 | D:5      | Reached * piety under Vehumet
  7969 | D:5      | Offered knowledge of Kiss of Death by Vehumet.
  8480 | D:6      | Reached XP level 9. HP: 44/44 MP: 15/15
  8950 | D:6      | Reached skill level 5 in Spellcasting
 10982 | D:7      | Found a staircase to the Ecumenical Temple.
 11134 | D:7      | Offered knowledge of Searing Ray by Vehumet.
 11199 | D:6      | Reached ** piety under Vehumet
 11356 | D:6      | Slain by a killer bee

Illustrated notes

Levels and vault maps discovered:
D:1:      enne_arrival_octagon_isle, layout_basic
D:2:      layout_basic, minmay_bisected, uniq_sigmund
D:3:      layout_basic, nicolae_overflow_ecumenical_swirl,
          mainiacjoe_overflow_24_doors, kennysheep_doodads, uniq_ijyb
D:4:      layout_loops_ring, nzn_overflow_gifts_of_might_and_magic,
          gammafunk_temple_overflow_wave, uniq_edmund
D:5:      layout_rooms, minmay_ruined_shrine
D:6:      layout_loops_corners, grunt_ministairs_8, st_stairs_9
D:7:      layout_rooms, nemelex_xobeh_ov_fountains_minmay,
          minmay_temple_entry_mist, serial_shops, shop,
          nicolae_shop_overgrown_old_shop, nicolae_shop_peninsula,
          nicolae_shop_overgrown_old_shop, shop, enter_bailey_4,
          uniq_crazy_yiuf_cottage

Skill      XL: |  1  2  3  4  5  6  7  8  9 |
---------------+----------------------------+-----
Fighting       | 3 |  3.0
Short Blades   | 3 |  3.0
Evocations     | 1 3 |  3.0
Spellcasting   | 2 3 6 |  6.0
Alchemy        | 1 |  1.0
Conjurations   | 2 3 4 6 7 |  7.0
Earth Magic    | 1 4 6 7 |  7.5
Maces & Flails | 1 |  1.0
Dodging        | |  2.6
Stealth        | |  7.2

Action                     |  1- 3 |  4- 6 |  7- 9 || total
---------------------------+-------+-------+-------++-------
  Melee: Short sword       |    29 |   107 |       ||   136
         Punch             |     2 |     1 |     1 ||     4
         Whip              |       |       |    48 ||    48
         Dagger            |       |       |    23 ||    23
   Cast: Sting             |       |    96 |   155 ||   251
         Stone Arrow       |       |       |    77 ||    77
  Evoke: Wand              |       |       |     1 ||     1
    Use: Scroll            |       |    10 |     5 ||    15
         Potion            |       |     1 |     4 ||     5
   Stab: Sleeping          |     5 |    23 |     1 ||    29
         Distracted        |       |     1 |       ||     1
 Armour: Robe              |     8 |    29 |    99 ||   136
  Dodge: Dodged            |    19 |    78 |   177 ||   274
  Block: Other             |     1 |    27 |    56 ||    84
         Reflection        |       |       |     2 ||     2

Table legend: (Time is in decaauts)
 A = Elapsed time spent in this place.
 B = Non-inter-level travel time spent in this place.
 C = Inter-level travel time spent in this place.
 D = Time resting spent in this place.
 E = Time spent auto-exploring this place.
 F = Levels seen in this place.
 G = Mean time per level.
                   A        B        C        D        E       F      G
               +--------+--------+--------+--------+--------+-----+--------+
         Total |   9131 |   8870 |    261 |   4865 |   2390 |   7 | 1304.4 |
       Dungeon |   9131 |   8870 |    261 |   4865 |   2390 |   7 | 1304.4 |
               +--------+--------+--------+--------+--------+-----+--------+

Top non-repeatable levels by time:
     D:6: 2619 daAuts
     D:3: 2255 daAuts
     D:4: 2137 daAuts
     D:5: 707 daAuts
     D:1: 687 daAuts
     D:2: 667 daAuts
     D:7: 56 daAuts
